[Event "December 19 Late 2023"]
[Site "https://www.chess.com"]
[Date "2023.12.19"]
[Round "1"]
[White "Kotyk, Michael"]
[Black "Khismatullin, Denis"]
[Result "0-1"]
[Board "24"]
[TimeControl "180+1"]
[WhiteFideId "16214501"]
[BlackFideId "4142578"]
[WhiteElo "2069"]
[BlackElo "2552"]
[WhiteTeam "GER"]
[BlackTeam "RUS"]
[WhiteClock "0:00:08"]
[BlackClock "0:02:07"]

1. e4 c5 2. Nc3 e6 3. g3 Nc6 4. Bg2 Nf6 5. d3 Be7 6. f4 d5 7. Nh3 O-O 8. O-O Rb8 9. f5 dxe4 10. Nxe4 exf5 11. Nc3 Bd7 12. Nf4 Bd6 13. b3 Re8 14. Bb2 Be5 15. Qd2 Bd4+ 16. Kh1 Ng4 17. Nd1 Bxb2 18. Nxb2 Ne3 19. Rfe1 Nxg2 20. Kxg2 Nd4 21. Rxe8+ Bxe8 22. h4 Bc6+ 23. Kh3 g5 24. hxg5 Qxg5 25. Qd1 Bf3 0-1

[Event "December 19 Late 2023"]
[Site "https://www.chess.com"]
[Date "2023.12.19"]
[Round "1"]
[White "Sjugirov, Sanan"]
[Black "Slade, Theodore"]
[Result "1-0"]
[Board "25"]
[TimeControl "180+1"]
[WhiteFideId "4189302"]
[BlackFideId "426547"]
[WhiteElo "2569"]
[BlackElo "1964"]
[WhiteTeam "HUN"]
[BlackTeam "ENG"]
[WhiteClock "0:01:47"]
[BlackClock "0:00:00"]

1. e4 e5 2. Nf3 Nc6 3. Bb5 Nf6 4. d3 Bc5 5. c3 O-O 6. O-O d6 7. Bg5 h6 8. Bh4 g5 9. Bg3 Qe7 10. Nbd2 Kg7 11. a4 a6 12. Bxc6 bxc6 13. d4 exd4 14. cxd4 Bb4 15. e5 Nh5 16. Re1 Nxg3 17. hxg3 Bg4 18. Re3 Bxd2 19. Qxd2 Bxf3 20. gxf3 Qd7 21. Qc3 Kg8 22. Rc1 Rab8 23. Qxc6 Qxc6 24. Rxc6 dxe5 25. dxe5 Rxb2 26. Rxh6 Rb6 27. Rh5 Rg6 28. Rc3 Re8 29. Rc5 Ree6 30. Kg2 Rb6 31. e6 Rbxe6 32. Rhxg5 Rxg5 33. Rxg5+ Kf8 34. Rc5 Rb6 35. a5 Rd6 36. f4 c6 37. Kf3 Rd5 38. Rxd5 cxd5 39. Ke3 Ke7 40. Kd4 Kd6 41. g4 Kc6 42. g5 Kb5 43. f5 Kxa5 44. g6 fxg6 45. fxg6 Kb4 46. g7 a5 47. g8=Q a4 48. Qb8+ Ka5 49. Kc5 1-0

[Event "December 19 Late 2023"]
[Site "https://www.chess.com"]
[Date "2023.12.19"]
[Round "1"]
[White "Petukhov, Dmitry"]
[Black "Drygalov, Sergey"]
[Result "0-1"]
[Board "26"]
[TimeControl "180+1"]
[WhiteFideId "4142748"]
[BlackFideId "24171743"]
[WhiteElo "2269"]
[BlackElo "2504"]
[WhiteTeam "RUS"]
[BlackTeam "RUS"]
[WhiteClock "0:00:32"]
[BlackClock "0:02:06"]

1. e4 c5 2. c3 Nf6 3. e5 Nd5 4. d4 cxd4 5. Nf3 e6 6. cxd4 d6 7. Nc3 Nxc3 8. bxc3 Qc7 9. Bd2 Nd7 10. Ng5 Be7 11. exd6 Qxd6 12. Bd3 Nf6 13. O-O Bd7 14. Be3 Bc6 15. c4 O-O 16. Rc1 Rad8 17. Qc2 Ng4 18. Bxh7+ Kh8 19. g3 Nxe3 20. fxe3 Bxg5 21. Rce1 g6 22. Bxg6 fxg6 23. Qxg6 Qe7 24. e4 Qg7 25. Qxe6 Qxd4+ 26. Kg2 Rxf1 27. Kxf1 Rf8+ 0-1

[Event "December 19 Late 2023"]
[Site "https://www.chess.com"]
[Date "2023.12.19"]
[Round "1"]
[White "Svane, Rasmus"]
[Black "Fieberg, Samuel"]
[Result "1-0"]
[Board "27"]
[TimeControl "180+1"]
[WhiteFideId "4657101"]
[BlackFideId "12901717"]
[WhiteElo "2597"]
[BlackElo "2481"]
[WhiteTeam "GER"]
[BlackTeam "GER"]
[WhiteClock "0:01:03"]
[BlackClock "0:00:07"]

1. Nf3 d5 2. g3 c5 3. Bg2 Nf6 4. O-O Nc6 5. d4 cxd4 6. Nxd4 e5 7. Nxc6 bxc6 8. c4 h6 9. Nc3 Be6 10. Qa4 Qd7 11. Rd1 Rd8 12. Be3 Be7 13. Qxa7 Qxa7 14. Bxa7 Ra8 15. Be3 e4 16. cxd5 cxd5 17. f3 Bb4 18. Bd4 O-O 19. Bxf6 gxf6 20. Nxd5 Bc5+ 21. Kf1 Kg7 22. fxe4 Ra7 23. a3 Rfa8 24. Nf4 Rb8 25. Nxe6+ fxe6 26. Rac1 Be3 27. Rc3 Bb6 28. b4 Kf7 29. Rd6 Ke7 30. Rcc6 Be3 31. Rxe6+ Kf7 32. Rxf6+ Kg7 33. Rg6+ Kh7 34. Ra6 Rf8+ 35. Bf3 Rc7 36. Rgc6 Rd7 37. Kg2 Rd1 38. e5 h5 39. Rc7+ Kg8 40. Rg6+ Kh8 41. e6 h4 42. e7 Rg1+ 43. Kh3 Re8 44. Bc6 hxg3 45. Bxe8 gxh2 46. Kxh2 Rxg6 47. Bxg6 Bf4+ 48. Kh3 Bxc7 49. e8=Q+ 1-0

[Event "December 19 Late 2023"]
[Site "https://www.chess.com"]
[Date "2023.12.19"]
[Round "1"]
[White "Bazilius, Augustinas"]
[Black "Rasulov, Vugar"]
[Result "0-1"]
[Board "28"]
[TimeControl "180+1"]
[WhiteFideId "12832251"]
[BlackFideId "13402390"]
[WhiteElo "2082"]
[BlackElo "2517"]
[WhiteTeam "LTU"]
[BlackTeam "AZE"]
[WhiteClock "0:00:20"]
[BlackClock "0:01:07"]

1. d4 Nf6 2. Bg5 e6 3. e4 h6 4. Bxf6 Qxf6 5. c3 d5 6. e5 Qd8 7. Nf3 c5 8. Be2 Qb6 9. Qb3 Nc6 10. O-O Bd7 11. Nbd2 Qxb3 12. axb3 cxd4 13. cxd4 Bb4 14. Nb1 f6 15. exf6 gxf6 16. Nc3 Kf7 17. Rfd1 Rhc8 18. Nh4 Na5 19. Bh5+ Ke7 20. Ng6+ Kd6 21. Rd3 Nxb3 22. Nb5+ Bxb5 23. Rxb3 a5 24. f4 Ra6 25. f5 Rac6 26. fxe6 Rc1+ 27. Rxc1 Rxc1+ 28. Kf2 Kxe6 29. Nf4+ Kd6 30. Bf3 Bc4 31. Re3 Bd2 32. Re6+ Kd7 33. Rxf6 Bxf4 34. Rxf4 Rc2+ 35. Ke3 Rxb2 36. Rf7+ Kd8 37. Rf5 b5 38. Bxd5 Bxd5 39. Rxd5+ Kc7 40. g4 a4 41. Rh5 a3 42. Rxh6 b4 43. Rh7+ Kb6 44. g5 a2 45. Rh6+ Kb5 46. Ra6 Kxa6 0-1

[Event "December 19 Late 2023"]
[Site "https://www.chess.com"]
[Date "2023.12.19"]
[Round "1"]
[White "Tari, Aryan"]
[Black "Gasparyan, David"]
[Result "1-0"]
[Board "29"]
[TimeControl "180+1"]
[WhiteFideId "1510045"]
[BlackFideId "13311980"]
[WhiteElo "2577"]
[BlackElo "2478"]
[WhiteTeam "NOR"]
[BlackTeam "USA"]
[WhiteClock "0:00:01"]
[BlackClock "0:00:04"]

1. a3 Nc6 2. e4 e5 3. Nf3 d6 4. d4 exd4 5. Nxd4 Bd7 6. Nc3 g6 7. Bc4 Bg7 8. Be3 Nf6 9. f3 Ne5 10. Ba2 a6 11. O-O O-O 12. Qd2 Re8 13. Rad1 Qe7 14. Bg5 c6 15. Nde2 Be6 16. Bxe6 Qxe6 17. Qxd6 Nc4 18. Qxe6 Rxe6 19. Bc1 Rae8 20. b3 Ne5 21. a4 Bf8 22. Be3 Ned7 23. Bf2 Bb4 24. Nb1 R6e7 25. c3 Bc5 26. a5 Bxf2+ 27. Kxf2 Nc5 28. b4 Ne6 29. Nd2 Nd7 30. Nc4 c5 31. Nd6 Rb8 32. Rb1 Ne5 33. b5 axb5 34. Rxb5 Rd7 35. Rb6 Nc6 36. Nc4 Ra8 37. Ra1 Kf8 38. a6 Ned8 39. Ra3 Rxa6 40. Raxa6 bxa6 41. Rxa6 Ke7 42. h4 f6 43. Nf4 Rb7 44. Nd5+ Ke6 45. f4 f5 46. Kf3 Rb1 47. g4 fxe4+ 48. Kxe4 Re1+ 49. Nde3 Rc1 50. f5+ gxf5+ 51. gxf5+ Ke7 52. Nd5+ Kf8 53. f6 Rh1 54. Nd6 Rxh4+ 55. Ke3 Rh5 56. c4 Re5+ 57. Kf4 Re6 58. Ne4 Nd4 59. Ra8 Ne2+ 60. Ke3 Ng3 61. Rxd8+ Kf7 62. Rd7+ Kf8 63. Nc3 Nf5+ 64. Kf4 Nd4 65. Rxh7 Ra6 66. Nd5 Kg8 67. Rg7+ Kh8 68. Rb7 Ne6+ 69. Ke5 Nd4 70. Rb8+ Kh7 71. Ng5+ Kg6 72. Rg8+ Kh5 73. f7 Nc6+ 74. Ke4 Ne7 75. f8=Q Nxg8 76. Qxg8 Kh4 77. Nf3+ Kh5 78. Nf4+ Kh6 79. Ne5 Rf6 80. Ng4# 1-0

[Event "December 19 Late 2023"]
[Site "https://www.chess.com"]
[Date "2023.12.19"]
[Round "1"]
[White "mightysmasher"]
[Black "Kovalev, Vladislav"]
[Result "0-1"]
[Board "30"]
[TimeControl "180+1"]
[BlackFideId "13504398"]
[WhiteElo "2476"]
[BlackElo "2539"]
[BlackTeam "FID"]
[WhiteClock "0:00:09"]
[BlackClock "0:00:18"]

1. e4 e5 2. Nf3 Nc6 3. d4 exd4 4. Nxd4 Qf6 5. Be3 Bc5 6. c3 Nge7 7. Bc4 Ne5 8. Be2 Qg6 9. O-O O-O 10. Nd2 d5 11. f3 Bb6 12. Rc1 Bh3 13. Rf2 dxe4 14. Nxe4 Nd5 15. Bd2 Rad8 16. Kh1 Bf5 17. Ng3 Bc8 18. Rf1 Rfe8 19. f4 Nc6 20. f5 Qf6 21. Nh5 Qh4 22. Be1 Qg5 23. Bd2 Ne3 24. Bxe3 Qxe3 25. Rf3 Qe5 26. Rg3 g6 27. fxg6 hxg6 28. Bd3 Rd6 29. Nxc6 bxc6 30. h3 Bf5 31. Qf1 Bxd3 32. Rxd3 Qxh5 33. Rxd6 cxd6 34. Rd1 d5 35. Rd3 Qe2 36. Rd1 Qxf1+ 37. Rxf1 Re2 38. Rb1 a5 39. a4 c5 40. b4 axb4 41. cxb4 c4 42. a5 Bc7 43. a6 Bb6 44. Rd1 d4 45. b5 d3 46. Ra1 d2 47. a7 Re1+ 48. Rxe1 dxe1=Q+ 49. Kh2 Bg1+ 50. Kh1 Bf2+ 51. Kh2 Bg3# 0-1

[Event "December 19 Late 2023"]
[Site "https://www.chess.com"]
[Date "2023.12.19"]
[Round "1"]
[White "Dardha, Daniel"]
[Black "Seletsky, Grigory"]
[Result "1-0"]
[Board "31"]
[TimeControl "180+1"]
[WhiteFideId "240990"]
[BlackFideId "14112191"]
[WhiteElo "2568"]
[BlackElo "2482"]
[WhiteTeam "BEL"]
[BlackTeam "UKR"]
[WhiteClock "0:00:36"]
[BlackClock "0:00:16"]

1. Nf3 b5 2. Rg1 Bb7 3. d4 Nf6 4. g4 e6 5. g5 Ne4 6. Nbd2 c5 7. Nxe4 Bxe4 8. Be3 c4 9. Bf4 Bxf3 10. exf3 d5 11. h4 Bd6 12. Be3 Nc6 13. h5 g6 14. f4 Qc7 15. Qf3 Qa5+ 16. c3 b4 17. Bd2 bxc3 18. bxc3 Kd7 19. Bh3 Rab8 20. Kf1 Rb2 21. Be1 Rhb8 22. f5 gxf5 23. g6 hxg6 24. hxg6 fxg6 25. Rxg6 Ne7 26. Rh6 R8b6 27. Qe3 Bc7 28. Rh7 Rxa2 29. Rxa2 Qxa2 30. Bxf5 Bd8 31. Bg4 Qc2 32. Rh6 Qd3+ 33. Qxd3 cxd3 34. Rh3 a5 35. Rxd3 a4 36. Rd1 Nf5 37. Ra1 Ra6 38. Be2 Ra7 39. Rxa4 Rxa4 40. Bb5+ Kd6 41. Bxa4 Bg5 42. Ke2 Bf4 43. Bc2 Ne7 44. f3 Nf5 45. Bf2 Ng3+ 46. Kd3 Nf5 47. Ba4 Bg3 48. Bg1 Bf4 49. Be8 Bg3 50. Bh5 Bf4 51. Bg4 Ne7 52. Bf2 Nf5 53. Be1 Bg3 54. Bxg3+ Nxg3 55. Ke3 e5 56. Kf2 Ne4+ 57. fxe4 dxe4 58. Ke3 Kd5 59. Be2 exd4+ 60. cxd4 Kd6 61. Kxe4 Ke6 62. d5+ Kd6 63. Kd4 Kd7 64. Ke5 Kc7 65. d6+ Kd7 66. Kd5 Ke8 67. Ke6 Kd8 68. d7 Kc7 69. Ke7 Kc6 70. d8=Q Kc5 71. Qd3 Kb4 72. Qc4+ Ka3 73. Qb5 Ka2 74. Qb4 Ka1 75. Bf1 Ka2 76. Bd3 1-0

[Event "December 19 Late 2023"]
[Site "https://www.chess.com"]
[Date "2023.12.19"]
[Round "1"]
[White "Yashmetov, Mikhail"]
[Black "Chigaev, Maksim"]
[Result "0-1"]
[Board "32"]
[TimeControl "180+1"]
[WhiteFideId "24198900"]
[BlackFideId "4108116"]
[WhiteElo "2220"]
[BlackElo "2561"]
[WhiteTeam "RUS"]
[BlackTeam "ESP"]
[WhiteClock "0:00:04"]
[BlackClock "0:00:05"]

1. Nf3 Nf6 2. b3 g6 3. Bb2 d5 4. e3 Bg7 5. g3 O-O 6. Bg2 c5 7. O-O Nc6 8. d3 b6 9. Nbd2 Bb7 10. Qe2 Re8 11. c4 e6 12. Rfd1 Qc7 13. Rac1 Rad8 14. h3 Qb8 15. Qf1 Qa8 16. Kh2 Ng4+ 17. hxg4 Bxb2 18. Rc2 Bg7 19. a3 h6 20. Qe2 Qb8 21. Kg1 Qd6 22. cxd5 exd5 23. Nf1 a5 24. Qd2 Bc8 25. N1h2 Bd7 26. Rdc1 Rc8 27. Kf1 Red8 28. Kg1 Be6 29. g5 h5 30. Nh4 d4 31. e4 Bxb3 32. Rb2 a4 33. f4 c4 34. Rbb1 c3 35. Qe2 Qxa3 36. f5 Ne5 37. N2f3 c2 38. Ra1 Qxa1 39. Rxa1 c1=Q+ 40. Rxc1 Rxc1+ 41. Kh2 a3 42. Nxe5 Bxe5 43. fxg6 fxg6 44. Nxg6 a2 45. Qxh5 a1=Q 46. Ne7+ Kf8 47. Ng6+ Kg8 48. Ne7+ Kg7 49. Nf5+ Kf8 50. Qh6+ Ke8 51. Qxb6 Qa3 52. Qb5+ Rd7 53. Qxe5+ Kd8 54. g6 Qf8 55. Qb8+ Rc8 56. Qxb3 Qh8+ 57. Kg1 Rc1+ 58. Kf2 Kc7 59. Qb2 Rc3 60. Qb5 Qf6 61. Ke2 Rc2+ 62. Kf3 Rc6 63. Qa5+ Rb6 64. Qa7+ Kc8 65. Qa8+ Rb8 66. Qa6+ Qxa6 67. g7 Rxg7 68. Nxg7 Qf6+ 69. Nf5 Rb3 70. g4 Rxd3+ 71. Kf4 Kc7 72. g5 Qc6 73. Ke5 Qc5+ 74. Kf6 Rd2 75. Bh3 d3 76. g6 Qf8+ 77. Kg5 Rd1 78. g7 Rg1+ 79. Bg4 Qg8 80. e5 d2 81. e6 d1=Q 82. e7 Qxg4+ 83. Kf6 Qg6+ 84. Ke5 Q8e6+ 85. Kd4 Rg4+ 86. Kc5 Qgxf5# 0-1

[Event "December 19 Late 2023"]
[Site "https://www.chess.com"]
[Date "2023.12.19"]
[Round "1"]
[White "Ibarra Jerez, Jose Carlos"]
[Black "Argandona Riveiro, Inigo"]
[Result "1-0"]
[Board "33"]
[TimeControl "180+1"]
[WhiteFideId "2226332"]
[BlackFideId "2212072"]
[WhiteElo "2634"]
[BlackElo "2391"]
[WhiteTeam "ESP"]
[BlackTeam "ESP"]
[WhiteClock "0:00:42"]
[BlackClock "0:00:00"]

1. e4 d6 2. d4 Nf6 3. Nc3 e5 4. Nf3 exd4 5. Nxd4 Be7 6. g3 O-O 7. Bg2 Re8 8. O-O Nbd7 9. g4 g6 10. f4 Bf8 11. g5 Nh5 12. Nf5 Nc5 13. Nh6+ Bxh6 14. gxh6 Qh4 15. Nd5 Bg4 16. Qd4 Ne6 17. Qc3 c6 18. Ne3 Be2 19. Rf2 Nexf4 20. b3 Re5 21. Bb2 f6 22. Qd2 Rg5 23. Rxe2 Nxe2+ 24. Qxe2 Nf4 25. Qf3 Rf8 26. Rf1 Nxg2 27. Nxg2 Qxh6 28. Bc1 Rxg2+ 29. Kxg2 Qh4 30. Bf4 d5 31. exd5 cxd5 32. Qxd5+ Kg7 33. Qxb7+ Rf7 34. Qf3 1-0

[Event "December 19 Late 2023"]
[Site "https://www.chess.com"]
[Date "2023.12.19"]
[Round "1"]
[White "Thorhallsson, Simon"]
[Black "Kamsky, Gata"]
[Result "0-1"]
[Board "34"]
[TimeControl "180+1"]
[WhiteFideId "2310090"]
[BlackFideId "2000024"]
[WhiteElo "2123"]
[BlackElo "2660"]
[WhiteTeam "ISL"]
[BlackTeam "USA"]
[WhiteClock "0:00:17"]
[BlackClock "0:00:35"]

1. e4 c5 2. Nc3 e6 3. Nge2 a6 4. g3 b5 5. Bg2 Bb7 6. O-O Nc6 7. d4 cxd4 8. Nxd4 Nge7 9. Re1 Nxd4 10. Qxd4 Rc8 11. Bf4 Ng6 12. Bd6 Bxd6 13. Qxd6 Qc7 14. Qxc7 Rxc7 15. a3 Ke7 16. f4 f6 17. Rad1 Rhc8 18. Rd3 Nh8 19. Red1 Nf7 20. Na2 Rd8 21. c3 g5 22. Nb4 gxf4 23. gxf4 Rg8 24. Rg3 Rcc8 25. Kf2 a5 26. Nd3 Nd6 27. e5 Ne4+ 28. Bxe4 Bxe4 29. exf6+ Kxf6 30. Ne5 d5 31. Rdg1 Rxg3 32. Rxg3 b4 33. axb4 axb4 34. Ke2 bxc3 35. Rxc3 Ra8 36. Rc7 Bg6 37. Kf3 h5 38. Nxg6 Kxg6 39. Rc6 Kf5 40. Rb6 Ra4 41. b4 Ra3+ 42. Kf2 Rb3 43. b5 h4 44. Rb8 Kxf4 45. Rf8+ Ke4 46. Rh8 Rxb5 47. Rxh4+ Kd3 48. Rh5 Rb8 49. Re5 Re8 50. h4 Kd4 51. Re1 Rf8+ 52. Kg3 e5 53. h5 Rg8+ 54. Kh4 e4 55. h6 e3 56. Kh5 Ke4 57. h7 Rh8 58. Kg6 d4 59. Kg7 Rxh7+ 60. Kxh7 d3 61. Kg6 d2 62. Ra1 e2 0-1

[Event "December 19 Late 2023"]
[Site "https://www.chess.com"]
[Date "2023.12.19"]
[Round "1"]
[White "Zakhartsov, Vladimir"]
[Black "Bellissimo, Joseph F."]
[Result "1-0"]
[Board "35"]
[TimeControl "180+1"]
[WhiteFideId "4145097"]
[BlackFideId "2609843"]
[WhiteElo "2448"]
[BlackElo "2103"]
[WhiteTeam "RUS"]
[BlackTeam "CAN"]
[WhiteClock "0:00:55"]
[BlackClock "0:00:00"]

1. d4 Nf6 2. c4 e6 3. Nf3 d5 4. g3 Bb4+ 5. Bd2 Be7 6. Bg2 O-O 7. Bc3 c6 8. Nbd2 b6 9. Qc2 Ba6 10. Ne5 c5 11. O-O cxd4 12. Bxd4 Nfd7 13. cxd5 Nxe5 14. Bxe5 exd5 15. Nb3 Nd7 16. Bd4 Rc8 17. Qd2 Nf6 18. Rfd1 Re8 19. e3 Ne4 20. Qe1 Bc4 21. Bxe4 dxe4 22. Bxg7 Qc7 23. Bc3 Be6 24. Qe2 Rcd8 25. Qh5 f6 26. Nd4 Bf7 27. Qg4+ Kh8 28. Nf5 Bg6 29. Qxe4 h6 30. Qe6 Kh7 31. Nxe7 Rxe7 32. Qxf6 Rde8 33. Rd6 Rg8 34. Rad1 Rf7 35. Qd4 Bf5 36. Rf6 Qe7 37. Rxf7+ Qxf7 38. Qf4 Rf8 39. Rd6 Qh5 40. e4 1-0

[Event "December 19 Late 2023"]
[Site "https://www.chess.com"]
[Date "2023.12.19"]
[Round "1"]
[White "Filali, Razzouki Marouane"]
[Black "Gabuzyan, Hovhannes"]
[Result "0-1"]
[Board "36"]
[TimeControl "180+1"]
[WhiteFideId "9003720"]
[BlackFideId "13303732"]
[WhiteElo "2132"]
[BlackElo "2486"]
[WhiteTeam "MAR"]
[BlackTeam "ARM"]
[WhiteClock "0:00:49"]
[BlackClock "0:00:14"]

1. e4 c5 2. Nf3 e6 3. d4 cxd4 4. Nxd4 a6 5. c4 Nf6 6. Nc3 Qc7 7. a3 b6 8. Bd3 Bb7 9. O-O Nc6 10. Nxc6 Bxc6 11. Qe2 h5 12. Nd5 Qd8 13. Bg5 Bxd5 14. cxd5 e5 15. Bxa6 Bc5 16. b4 Bd4 17. Rad1 Qc7 18. a4 h4 19. h3 Nh5 20. Bb5 f6 21. Be3 Bxe3 22. Qxe3 Nf4 23. Kh2 Qd6 24. g3 hxg3+ 25. fxg3 Rxh3+ 26. Kg1 Ke7 27. Qe1 Nh5 28. Rf3 Rh8 29. Bf1 Nf4 30. Bxh3 Nxh3+ 31. Kg2 Ng5 32. Re3 Kf7 33. Qd2 Qc7 34. Rh1 Rxh1 35. Kxh1 Qc4 36. Qe1 Qa2 37. a5 bxa5 38. bxa5 f5 39. exf5 Qxd5+ 40. Kg1 e4 41. Qe2 Nf3+ 42. Rxf3 exf3 43. Qc2 Qxa5 44. Kf2 Kf6 45. g4 Qd5 46. Qc3+ Kf7 47. Qe3 Kf6 48. Qc3+ Qe5 49. Qxf3 Kg5 50. Qd1 Qf4+ 51. Ke1 Qe3+ 52. Kf1 Qh3+ 53. Kf2 Qh2+ 54. Ke3 Qf4+ 55. Kd3 Qd6+ 56. Ke2 Qxd1+ 57. Kxd1 Kxg4 58. f6 gxf6 59. Ke2 f5 60. Kf1 f4 61. Kf2 f3 62. Kg1 Kg3 63. Kf1 f2 64. Ke2 Kg2 0-1

[Event "December 19 Late 2023"]
[Site "https://www.chess.com"]
[Date "2023.12.19"]
[Round "1"]
[White "Maksimovic, Bojan"]
[Black "Van Roon, Sjoerd"]
[Result "1-0"]
[Board "37"]
[TimeControl "180+1"]
[WhiteFideId "14408120"]
[BlackFideId "1051075"]
[WhiteElo "2527"]
[BlackElo "2180"]
[WhiteTeam "BIH"]
[BlackTeam "NED"]
[WhiteClock "0:00:11"]
[BlackClock "0:00:05"]

1. a3 e5 2. e3 d5 3. h3 Nf6 4. d4 Nc6 5. Nf3 e4 6. Nfd2 Be6 7. c4 Be7 8. cxd5 Bxd5 9. Nc3 O-O 10. Qc2 Re8 11. Nxd5 Qxd5 12. Bc4 Qf5 13. Qb3 Qg6 14. O-O Na5 15. Qb5 Nxc4 16. Nxc4 Rab8 17. Bd2 c6 18. Qa5 a6 19. Qc7 Nd5 20. Qh2 Qe6 21. Rac1 Rbc8 22. Qe5 Qxe5 23. Nxe5 Bf6 24. Nc4 Re6 25. Rce1 c5 26. dxc5 Rxc5 27. b3 b5 28. Na5 Rc2 29. Rd1 g6 30. f3 Kg7 31. a4 bxa4 32. bxa4 exf3 33. Rxf3 Ra2 34. Nb3 Nc3 35. Bxc3 Bxc3 36. Rd3 Be5 37. Rd7 Bf6 38. Nc5 Rc6 39. Rd5 Rc2 40. Ne4 Rc1+ 41. Kf2 R1c4 42. Nd2 Rc2 43. Ke2 Bc3 44. Rd7 Rxd2+ 45. Rxd2 Bxd2 46. Kxd2 Rc4 47. Rf4 Rxf4 48. exf4 Kf6 49. Ke3 Ke6 50. Kd4 Kd6 51. Kc4 Kc6 52. Kb4 Kb6 53. Kc4 Kc6 54. Kd4 Kd6 55. g4 f5 56. g5 Kc6 57. Kc4 Kb6 58. Kb4 Kc6 59. Kc4 Kb6 60. h4 Kc6 61. a5 Kd6 62. Kd4 Kc6 63. Ke5 Kb5 64. Kf6 Kxa5 65. Kg7 Kb5 66. Kxh7 a5 67. h5 a4 68. hxg6 a3 69. g7 a2 70. g8=Q a1=Q 71. Qd5+ Kb6 72. Qxf5 Qh1+ 73. Kg6 Kc7 74. Qe5+ Kd8 75. f5 Qb1 76. Qe6 Qb2 77. f6 Qc2+ 78. Kg7 Qc7+ 79. Qe7+ Qxe7+ 80. fxe7+ Kxe7 81. g6 1-0

[Event "December 19 Late 2023"]
[Site "https://www.chess.com"]
[Date "2023.12.19"]
[Round "1"]
[White "Mazurkiewicz, Michal"]
[Black "Zhigalko, Sergei"]
[Result "0-1"]
[Board "38"]
[TimeControl "180+1"]
[WhiteFideId "1124943"]
[BlackFideId "13502956"]
[WhiteElo "2103"]
[BlackElo "2616"]
[WhiteTeam "POL"]
[BlackTeam "BLR"]
[WhiteClock "0:00:00"]
[BlackClock "0:00:07"]

1. e4 c5 2. Nf3 Nc6 3. g3 Nf6 4. d3 g6 5. Bg2 Bg7 6. O-O O-O 7. Re1 e5 8. Nc3 h6 9. Nd2 d6 10. Nc4 Be6 11. Nd5 Bxd5 12. exd5 Ne7 13. Ne3 Nd7 14. a4 f5 15. f4 Qc7 16. c3 Rae8 17. Nc4 Kh7 18. a5 Nc8 19. Qa4 a6 20. Bd2 Re7 21. Re2 Rfe8 22. Rae1 Bf6 23. h4 h5 24. fxe5 Nxe5 25. Nxe5 dxe5 26. Bg5 Bxg5 27. hxg5 e4 28. dxe4 Qxg3 29. e5 f4 30. Rf1 Qxg5 31. Qxf4 Qxf4 32. Rxf4 Rxe5 33. Rxe5 Rxe5 34. Rf7+ Kh6 35. Rxb7 Re2 36. Rc7 Nd6 37. Rc6 Nf5 38. d6 Rd2 39. Be4 Nxd6 40. Bf3 Nc4 41. Be4 Nd6 42. Bf3 Kg5 43. Rxc5+ Kf4 44. Bg2 Rxb2 45. Rc6 Nf5 46. Rxg6 Nh4 47. Rf6+ Ke5 48. Rf2 Rxf2 49. Kxf2 Nxg2 50. Kxg2 Kd5 51. Kg3 Kc4 52. Kh4 Kb5 53. Kxh5 Kxa5 54. Kg4 Kb5 55. Kf5 Kc4 56. Ke4 a5 57. Ke3 Kxc3 58. Ke2 Kc2 59. Ke3 a4 60. Kd4 a3 0-1

[Event "December 19 Late 2023"]
[Site "https://www.chess.com"]
[Date "2023.12.19"]
[Round "1"]
[White "Melkumyan, Hrant"]
[Black "Gutierrez Olivares, Daniel"]
[Result "1-0"]
[Board "39"]
[TimeControl "180+1"]
[WhiteFideId "13302485"]
[BlackFideId "2264005"]
[WhiteElo "2604"]
[BlackElo "2317"]
[WhiteTeam "ARM"]
[BlackTeam "ESP"]
[WhiteClock "0:00:09"]
[BlackClock "0:00:00"]

1. Nf3 Nf6 2. c4 d6 3. d4 g6 4. Nc3 Bg7 5. g3 O-O 6. Bg2 Na6 7. O-O c5 8. b3 Rb8 9. Bb2 Bd7 10. e3 Re8 11. Qe2 b6 12. Rfd1 Nc7 13. a4 a6 14. e4 cxd4 15. Nxd4 Bg4 16. f3 Bd7 17. Nd5 e6 18. Nxf6+ Bxf6 19. Rd2 Bg5 20. f4 Be7 21. Rad1 Qc8 22. Nf3 b5 23. cxb5 axb5 24. a5 Qa6 25. b4 d5 26. Qe3 Rb7 27. Kh1 Qa7 28. Qc3 f6 29. Ne5 Na6 30. Nxd7 Rxd7 31. exd5 exd5 32. Bxd5+ Kg7 33. Re1 Rd6 34. Rde2 Qd7 35. Bg2 Nc7 36. Qe3 Re6 37. Qxe6 Nxe6 38. Rxe6 Bxb4 39. Bxf6+ Kf7 40. Rxe8 Bxe1 41. Re7+ Qxe7 42. Bxe7 Kxe7 43. a6 Bf2 44. Bd5 Bc5 45. Kg2 h6 46. h4 Kf6 47. Kf3 g5 48. fxg5+ hxg5 49. h5 Kf5 50. Be4+ Kf6 51. Kg4 Be3 52. h6 b4 53. Bc2 Bd4 54. Kh5 Be3 55. Bb3 1-0

[Event "December 19 Late 2023"]
[Site "https://www.chess.com"]
[Date "2023.12.19"]
[Round "1"]
[White "Dubessay, Bastien"]
[Black "Popov, Konstantin"]
[Result "0-1"]
[Board "40"]
[TimeControl "180+1"]
[WhiteFideId "650048"]
[BlackFideId "34137910"]
[WhiteElo "2279"]
[BlackElo "2340"]
[WhiteTeam "FRA"]
[BlackTeam "FID"]
[WhiteClock "0:00:04"]
[BlackClock "0:02:04"]

1. d4 Nf6 2. c4 e6 3. Nc3 Bb4 4. e3 O-O 5. Bd3 c5 6. Ne2 d5 7. cxd5 exd5 8. a3 Bxc3+ 9. Nxc3 cxd4 10. exd4 Re8+ 11. Ne2 Bg4 12. O-O Nc6 13. Be3 Qb6 14. b4 Bh5 15. b5 Na5 16. Qa4 Bg6 17. Nf4 Bxd3 18. Nxd3 Nc4 19. Rae1 Ne4 20. Ne5 Ncd6 21. f3 Nc3 22. Qb3 Rac8 23. a4 Qa5 24. Bd2 Qxa4 25. Qxa4 Nxa4 26. Rb1 f6 27. Nd3 Nc3 28. Rb3 Ne2+ 29. Kf2 Nxd4 30. Rbb1 Re2+ 0-1

[Event "December 19 Late 2023"]
[Site "https://www.chess.com"]
[Date "2023.12.19"]
[Round "1"]
[White "Szpar, Milosz"]
[Black "Kovacsy, Barnabas"]
[Result "1-0"]
[Board "41"]
[TimeControl "180+1"]
[WhiteFideId "1184989"]
[BlackFideId "769290"]
[WhiteElo "2446"]
[BlackElo "2130"]
[WhiteTeam "POL"]
[BlackTeam "HUN"]
[WhiteClock "0:00:04"]
[BlackClock "0:00:00"]

1. e4 c5 2. Nf3 e6 3. c3 d5 4. exd5 Qxd5 5. d4 Nf6 6. Na3 Nc6 7. Be3 cxd4 8. Nb5 Qd7 9. Nbxd4 Nd5 10. Bd2 Be7 11. Nxc6 bxc6 12. c4 Nf6 13. Qc2 O-O 14. Bc3 Qc7 15. Bd3 h6 16. O-O-O c5 17. Ne5 Bb7 18. f4 Rad8 19. Rhg1 Nd7 20. g3 Nxe5 21. Bxe5 Bd6 22. Bc3 e5 23. Rde1 Rfe8 24. f5 Qe7 25. Be4 Bxe4 26. Qxe4 Rb8 27. Rgf1 Qg5+ 28. Kb1 Qf6 29. h4 Rb6 30. Rd1 Reb8 31. Rd2 h5 32. Qe2 Qh6 33. f6 g6 34. Qe4 Qf8 35. Rfd1 Bc7 36. Rd7 Rd8 37. Bxe5 Rxd7 38. Rxd7 Bxe5 39. Qxe5 Re6 40. Qf4 Qe8 41. Rd1 Re1 42. Qc1 Qe4+ 43. Ka1 Rxd1 44. Qxd1 Qxc4 45. a3 Qe6 46. Qf1 Kh7 47. Kb1 Qe4+ 48. Kc1 Qe3+ 49. Kc2 Qxg3 50. Qc4 Qh2+ 51. Kb3 Qg3+ 52. Ka2 Qc7 53. b4 Qh2+ 54. Kb3 Qg3+ 55. Ka4 cxb4 56. Qxf7+ 1-0

[Event "December 19 Late 2023"]
[Site "https://www.chess.com"]
[Date "2023.12.19"]
[Round "1"]
[White "Liu, Casper"]
[Black "Mahdavi, Reza"]
[Result "0-1"]
[Board "42"]
[TimeControl "180+1"]
[WhiteFideId "1454153"]
[BlackFideId "12595926"]
[WhiteElo "2221"]
[BlackElo "2426"]
[WhiteTeam "DEN"]
[BlackTeam "IRI"]
[WhiteClock "0:00:00"]
[BlackClock "0:00:50"]

1. f4 Nf6 2. Nf3 c5 3. e3 d6 4. g3 g6 5. Bg2 Bg7 6. O-O O-O 7. d4 Nc6 8. c3 Bd7 9. Nbd2 e5 10. fxe5 dxe5 11. dxc5 Qe7 12. b4 Nd5 13. Qb3 Nxe3 14. Re1 Nxg2 15. Kxg2 Be6 16. Qc2 a6 17. Ne4 f5 18. Bg5 Qc7 19. Nd6 e4 20. Ng1 Ne5 21. Ne2 Nf3 22. Be3 Nxe1+ 23. Rxe1 Be5 24. Rd1 Rad8 25. Bf4 Qg7 26. Nd4 Qf6 27. Bg5 Qxg5 28. Nxe6 Qe7 29. Nxf8 Rxf8 30. Qb3+ Kg7 31. Qd5 Bxc3 32. a3 e3 33. Qd3 Bf6 34. Re1 Bg5 35. Qd5 f4 36. gxf4 Bxf4 37. Qd4+ Kh6 38. Re2 Qh4 0-1

[Event "December 19 Late 2023"]
[Site "https://www.chess.com"]
[Date "2023.12.19"]
[Round "1"]
[White "Vogel, Roven"]
[Black "Sivakumar, Shaashwath"]
[Result "1-0"]
[Board "43"]
[TimeControl "180+1"]
[WhiteFideId "12908088"]
[BlackFideId "30912156"]
[WhiteElo "2518"]
[BlackElo "2137"]
[WhiteTeam "GER"]
[BlackTeam "USA"]
[WhiteClock "0:01:35"]
[BlackClock "0:00:27"]

1. Nf3 d5 2. e3 Nf6 3. c4 c6 4. d4 Bf5 5. Nc3 a6 6. Nh4 Be4 7. f3 Bg6 8. Bd2 e6 9. Nxg6 hxg6 10. Qc2 Bd6 11. O-O-O dxc4 12. Bxc4 b5 13. Bd3 Nbd7 14. g4 c5 15. g5 Nh5 16. d5 c4 17. Bxg6 fxg6 18. Qxg6+ Kf8 19. dxe6 Ne5 20. Qf5+ Kg8 21. Nd5 Nd3+ 22. Kb1 Ra7 23. Bc3 Be5 24. e7 Rxe7 25. Nxe7+ Qxe7 26. Rxd3 cxd3 27. Bxe5 Qc5 28. g6 Qc6 29. Qf7# 1-0